 Dungeon Crawl Stone Soup version 0.28.0-45-g0d030f2227 (webtiles) character file.

Game seed: 6585088809420595410

49 zeratav the Insei (level 3, -7/24 HPs)
             Began as an Octopode Transmuter on Apr 7, 2022.
             Engulfed by a cloud of flame (15 damage)
             ... on level 2 of the Dungeon.
             The game lasted 00:02:28 (2356 turns).

zeratav the Insei (Octopode Transmuter)             Turns: 2356, Time: 00:02:29

Health: -7/24      AC:  1    Str:  9    XL:     3   Next: 77%
Magic:  6/6        EV: 13    Int: 15    God:
Gold:   147        SH:  0    Dex: 14    Spells: 5/6 levels left

rFire   . . .      SeeInvis .   e - +3 dagger {short}
rCold   . . .      Faith    .   (no shield)
rNeg    . . .      Spirit   .   (helmet restricted)
rPois   .          Reflect  .   (no amulet)
rElec   .          Harm     .   (no ring)
rCorr   .          Rampage  .   (no ring)
Will    .....                   (no ring)
Stlth   +++.......              (no ring)
HPRegen 0.08/turn               (no ring)
MPRegen 0.10/turn               (no ring)
                                (no ring)
                                (no ring)

@: no status effects
A: almost no armour, amphibious, 8 rings, camouflage 1, gelatinous body 1,
(nimble swimmer 1), tentacles
a: no special abilities


You were on level 2 of the Dungeon.
You visited 1 branch of the dungeon, and saw 2 of its levels.

You collected 147 gold pieces.


Innate Abilities, Weirdness & Mutations

You cannot wear most types of armour.
You are amphibious.
You can wear up to eight rings at the same time.
Your skin changes colour to match your surroundings (Stealth+).
Your rubbery body absorbs attacks. (AC +1, EV +1)
((You are camouflaged when in or above water. (Stealth+)))
You have tentacles for arms and can constrict up to eight enemies at once.


   Skills:
 + Level 1.6 Fighting
 + Level 2.5 Dodging
 + Level 1.8 Stealth
 * Level 3.7 Unarmed Combat
 - Level 2.0 Spellcasting
 - Level 2.0 Transmutations


You had 5 spell levels left.
You knew the following spells:

 Your Spells              Type           Power      Damage    Failure   Level
a - Beastly Appendage     Tmut           14%        N/A       10%         1

Your spell library contained the following spells:

 Spells                   Type           Power      Damage    Failure   Level
 Wereblood                Tmut           7%         N/A       14%         2
 Spider Form              Tmut/Pois      4%         N/A       41%         3
 Ice Form                 Ice/Tmut       4%         N/A       82%         4

Inventory:

Hand Weapons
 e - a +3 dagger (weapon) {short}
   (You took it off a goblin on level 1 of the Dungeon)
Jewellery
 g - a ring of ice
   (You found it on level 2 of the Dungeon)
Scrolls
 a - a scroll of fear {unknown}
 c - a scroll of identify {unknown}
 d - a scroll of teleportation {unknown}
 f - 2 scrolls of magic mapping {unknown}
Potions
 b - a potion of degeneration {unknown}
 h - a potion of haste {unknown}
 i - a potion of heal wounds {unknown}
 j - 2 potions of lignification {unknown}
 k - a potion of curing {unknown}

Dungeon Overview and Level Annotations

Branches:
Dungeon (2/15)

Altars:

...............#
#...........##.
..............##
#...#####...##.
..............# #○°.#
#...... ...........<.[#
#§°§# #......
#####.........# #§☼○#
#......
..).########..#####...##
####### ###†#
##..°☼§.$.... ..#.#
#..☼°○.$$... #.#.#
##.§@○.$...§
#.#.###############...##
####### #.#[#.........#
§○# #......
.........###### #
####### #.#..###.#####
#.#..........#
#.##.##..###.#
÷........# #.#
#....#...# #.#


There were no monsters in sight!


Message History

You constrict the ball python. The ball python barely misses you.
The ball python constricts you.
* * * LOW HITPOINT WARNING * * *
You hit the ball python.
You kill the ball python!
No target in view!
HP[-4]
You take 4 damage, and now have 10/23 hp.
No target in view!
Your transformation is almost over.
Your tentacle spike disappears.
You see here a ball python corpse.
Key pressed, stopping explore.
Unknown command.
HP[+13] MP[+1]
Your hp is fully restored (23).
Your mp is fully restored (6).
h - a bubbling inky potion
f - 2 scrolls labelled MUMAOW NUBIR (gained 1)
You see here a +0 hunting sling {sling}.
A bat comes into view.
One of your tentacles grows a vicious spike.
MP[-1]
You lost 1 mp, and now have 5/6 mp.
The helpless bat fails to defend itself.
You puncture the bat!
You kill the bat!
No target in view!
No target in view!
No target in view!
No target in view!
No target in view!
No target in view!
No target in view!
Your transformation is almost over.
Your tentacle spike disappears.
i - a fizzy coppery potion MP[+1]
Your mp is fully restored (6).
Found a stone staircase leading up.
One of your tentacles grows a vicious spike.
Your transformation is almost over.
MP[-1]
You lost 1 mp, and now have 5/6 mp.
Your tentacle spike disappears.
j - 2 grey potions MP[+1]
Your mp is fully restored (6).
k - a lumpy black potion You now have 141 gold pieces (gained 12).
You now have 147 gold pieces (gained 6). 2 jackals come into view.
One of your tentacles grows a vicious spike.
The jackal barks! x2
MP[-1]
You lost 1 mp, and now have 5/6 mp.
You barely miss the jackal. You grab the jackal.
You constrict the jackal, but do no damage.
The jackal bites you.
HP[-2]
You take 2 damage, and now have 21/23 hp.
You barely miss the jackal.
You pierce the jackal.
You constrict the jackal. The jackal bites you.
HP[-1]
You take 1 damage, and now have 20/23 hp.
You hit the jackal.
You kill the jackal!
HP[+1]
You now have 24 max hp (+1).
You hit the jackal. You grab the jackal.
You pierce the jackal.
You kill the jackal!
No target in view!
No target in view!
No target in view!
No target in view!
No target in view!
No target in view!
No target in view!
No target in view!
No target in view!
No target in view!
Your transformation is almost over.
Your tentacle spike disappears.
You see here a jackal corpse.
You see here a +0 leather armour.
Partly explored, can't reach some items and places.
HP[+3] MP[+1]
Your hp is fully restored (24).
Your mp is fully restored (6).
(D) Dungeon
Where to? (Enter - D:2, ? - help)
Okay, then.
Really wriggle into a travel-excluded area?
You are engulfed in blazing flames.
Ouch! That really hurt!
* * * LOW HITPOINT WARNING * * *
HP[-16]
You take 16 damage, and now have 8/24 hp.
MASSIVE DAMAGE!! (PAUSE)
You are engulfed in blazing flames.
Ouch! That really hurt!
You die...

Skill      XL: |  1  2 |
---------------+-------+-----
Stealth        | 1 |  1.8
Fighting       | |  1.6
Dodging        | |  2.5
Unarmed Combat | |  3.7
Spellcasting   | |  2.0
Transmutations | |  2.0

Action                   || total
-------------------------++-------
Melee: Unarmed           ||    32
       Kick              ||    16
       Constrict         ||    19
       Tentacles         ||     9
       Dagger            ||    31
       Punch             ||     2
 Cast: Beastly Appendage ||    26
 Stab: Sleeping          ||     7
Armor: Skin              ||     7
Dodge: Dodged            ||    39

Levels and vault maps discovered:
D:1:      tarquinn_simple_flora_water_e, layout_loops_ring, minmay_distorted
D:2:      layout_basic, lemuel_flame_loot_1

Notes
Turn   | Place    | Note
-------+----------+-------------------------------------------
     0 | D:1      | zeratav the Octopode Transmuter began the quest for the
                  | Orb.
     0 | D:1      | Reached XP level 1. HP: 13/13 MP: 3/3
     0 | D:1      | magus.rc [v1.9.6]
   270 | D:1      | Reached XP level 2. HP: 18/18 MP: 3/5
   482 | D:1      | Reached skill level 1 in Stealth
  1222 | D:2      | Reached XP level 3. HP: 20/23 MP: 4/6
  2356 | D:2      | Engulfed by a cloud of flame

Vanquished Creatures
  An adder (D:2)
  A dart slug (D:2)
  3 endoplasms (D:1)
  A giant cockroach (D:2)
  4 goblins
  8 jackals
  A quokka (D:1)
  3 ball pythons
  5 bats
  2 frilled lizards
  4 kobolds
  2 rats (D:1)
35 creatures vanquished.

Table legend:
 A = Non-vault XP
 B = Vault XP
 C = Vault XP percentage of total XP
 D = Non-vault monster count
 E = Vault monster count
 F = Vault count percentage of total count
                 A         B        C        D         E       F
            +---------+---------+-------+---------+---------+-------
      Total |      68 |       3 |   4.2 |      33 |       2 |   5.7
            +---------+---------+-------+---------+---------+-------
        D:1 |      29 |       3 |   9.4 |      19 |       2 |   9.5
        D:2 |      39 |       0 |   0.0 |      14 |       0 |   0.0
            +---------+---------+-------+---------+---------+-------

Illustrated notes

Table legend:
 A = Kills in this place as a percentage of kills in entire the game.
 B = Kills by you in this place as a percentage of kills by you in the entire game.
 C = Kills by friends in this place as a percentage of kills by friends in the entire game.
 D = Other kills in this place as a percentage of other kills in the entire game.
 E = Experience gained in this place as a percentage of experience gained in the entire game.
 F = Experience gained in this place divided by the number of levels of this place that you have seen.
                   A       B       C       D       E      F
               +-------+-------+-------+-------+-------+----------------------
         Total | 100.0 | 100.0 |   N/A |   N/A | 100.0 |  35.5
       Dungeon | 100.0 | 100.0 |   N/A |   N/A | 100.0 |  35.5
               +-------+-------+-------+-------+-------+----------------------

Table legend: (Time is in decaauts)
 A = Elapsed time spent in this place.
 B = Non-inter-level travel time spent in this place.
 C = Inter-level travel time spent in this place.
 D = Time resting spent in this place.
 E = Time spent auto-exploring this place.
 F = Levels seen in this place.
 G = Mean time per level.
                   A        B        C        D        E       F      G
               +--------+--------+--------+--------+--------+-----+--------+
         Total |   2353 |   2313 |     40 |     75 |   2011 |   2 | 1176.5 |
       Dungeon |   2353 |   2313 |     40 |     75 |   2011 |   2 | 1176.5 |
               +--------+--------+--------+--------+--------+-----+--------+

Top non-repeatable levels by time:
     D:2: 1339 daAuts
     D:1: 1013 daAuts
